 Dungeon Crawl Stone Soup version 0.30-a0-12-gd8047c6341 (webtiles) character file.

Game seed: 17545678567278219128

20279 Sobieck the Dancer (level 12, -4/64 HPs)
             Began as a Vine Stalker Fighter on Aug 23, 2022.
             Was a Believer of Uskayaw.
             Slain by a six-headed hydra (11 damage)
             ... on level 3 of the Lair of Beasts.
             The game lasted 00:28:51 (11483 turns).

Sobieck the Dancer (Vine Stalker Fighter)          Turns: 11483, Time: 00:28:51

Health: -4/64      AC:  7    Str: 20    XL:     12   Next: 77%
Magic:  0/23       EV: 10    Int:  8    God:    Uskayaw [**....]
Gold:   661        SH:  6    Dex: 18    Spells: 11/11 levels left

rFire   + + .      SeeInvis +    a - +7 quick blade {shortrare=g}
rCold   + . .      Faith    .    c - +0 buckler
rNeg    . . .      Spirit   +    K - +0 troll leather armour
rPois   +          Reflect  .    (no helmet)
rElec   .          Harm     .    J - scarf {rC+ rF+}
rCorr   .          Rampage  .    o - +0 pair of gloves
Will    +....                    j - +1 pair of boots
Stlth   +.........               e - amulet "Osiqeod" {RegenMP rF+ Regen+ SInv}
HPRegen 2.60/turn                f - ring of poison resistance
MPRegen 0.58/turn                (no ring)

@: no status effects
A: fangs 3, regeneration 1, magic shield, antimagic bite, no potion heal 2
a: Renounce Religion, Stomp, Line Pass


You were on level 3 of the Lair of Beasts.
You worshipped Uskayaw.
Uskayaw was pleased with you.
You visited 3 branches of the dungeon, and saw 15 of its levels.

You collected 661 gold pieces.


Innate Abilities, Weirdness & Mutations

You have razor-sharp teeth.
Your natural rate of healing is unusually fast.
When hurt, damage is shared between your health and your magic reserves.
Your bite disrupts and absorbs the magic of your enemies.
Potions cannot restore your health.


   Skills:
 - Level 8.0 Fighting
 - Level 12.0 Short Blades
 - Level 2.4 Armour
 - Level 5.0 Shields
 * Level 13.5 Invocations


You had 11 spell levels left.
You didn't know any spells.
Your spell library contained the following spells:

 Spells                   Type           Power      Damage    Failure   Level
 Apportation              Tloc           0%         N/A       54%         1
 Beastly Appendage        Tmut           0%         N/A       54%         1
 Freeze                   Ice            0%         1d3       54%         1
 Magic Dart               Conj           0%         1d3       54%         1
 Necrotise                Necr           0%         1d4       54%         1
 Slow                     Hex            0%         N/A       54%         1
 Sting                    Tmut/Pois      0%         1d3       54%         1
 Summon Small Mammal      Summ           0%         N/A       54%         1
 Call Imp                 Summ           0%         N/A       69%         2
 Poisonous Vapours        Pois/Air       0%         N/A       69%         2
 Sublimation of Blood     Necr           0%         N/A       69%         2
 Wereblood                Tmut           0%         N/A       69%         2
 Confusing Touch          Hex            0%         N/A       89%         3
 Dazzling Flash           Conj/Hex       0%         N/A       89%         3
 Frozen Ramparts          Ice            0%         1d1       89%         3
 Mephitic Cloud           Conj/Pois/Air  0%         N/A       89%         3
 Ozocubu's Armour         Ice            0%         N/A       89%         3
 Spider Form              Tmut/Pois      0%         N/A       89%         3
 Vampiric Draining        Necr           0%         2d6       89%         3
 Hailstorm                Conj/Ice       0%         3d3       100%        4
 Ice Form                 Ice/Tmut       0%         N/A       100%        4
 Olgreb's Toxic Radiance  Pois           0%         N/A       100%        4
 Summon Ice Beast         Ice/Summ       0%         N/A       100%        4
 Agony                    Necr           0%         N/A       100%        5
 Alistair's Intoxication  Tmut/Pois      0%         N/A       100%        5
 Metabolic Englaciation   Hex/Ice        0%         N/A       100%        5
 Silence                  Hex/Air        0%         N/A       100%        5
 Simulacrum               Ice/Necr       0%         N/A       100%        6
 Ozocubu's Refrigeration  Ice            0%         4d7       100%        7
 Summon Hydra             Summ           0%         N/A       100%        7

Inventory:

Hand Weapons
 a - a +7 quick blade (weapon) {shortrare=g}
   (You acquired it on level 7 of the Dungeon)
 b - a +1 sling of flaming
   (You found it on level 5 of the Dungeon)
 n - a +0 vorpal arbalest {crossbow}
   (You took it off an orc warrior on level 10 of the Dungeon)
 w - the +3 falchion "Vacakkah" {speed, rPois rF+ Will+ Dex+2, long}
   (You found it on level 7 of the Dungeon)

   Attacks with this weapon are significantly faster.
   Dex:       It affects your dexterity (+2).
   rF:        It protects you from fire.
   rPois:     It protects you from poison.
   Will:      It increases your willpower.
 x - a +0 halberd of flaming {polearm}
   (You took it off a gnoll on level 2 of the Dungeon)
 z - a +0 whip of venom {mace}
   (You took it off a gnoll on level 2 of the Dungeon)
 C - a +2 vorpal quarterstaff {staff}
   (You found it on level 3 of the Dungeon)
 S - a +1 long sword of electrocution {long}
   (You found it on level 4 of the Dungeon)
 V - a +2 hand axe of freezing {axe}
   (You took it off an orc on level 10 of the Dungeon)
Missiles
 p - 18 poisoned darts (quivered) {throwing}
 s - 93 stones {throwing}
 A - 5 boomerangs {throwing}
Armour
 c - a +0 buckler (worn)
 j - a +1 pair of boots (worn)
   (You found it on level 5 of the Dungeon)
 o - a +0 pair of gloves (worn)
   (You found it on level 1 of the Dungeon)
 J - a scarf of resistance (worn)
   (You found it on level 8 of the Dungeon)
 K - a +0 troll leather armour (worn)
   (You found it on level 10 of the Dungeon)
 L - a +0 robe
   (You took it off an orc wizard on level 3 of the Dungeon)
 N - a +0 scale mail
   (You found it on level 3 of the Dungeon)
 O - a +0 leather armour
   (You took it off Dowan on level 6 of the Dungeon)
 P - a +0 ring mail
   (You took it off Duvessa on level 6 of the Dungeon)
 U - a +0 plate armour
   (You found it on level 4 of the Dungeon)
 Y - a +0 ring mail
   (You took it off an orc on level 5 of the Dungeon)
 Z - a +0 leather armour
   (You took it off an orc on level 5 of the Dungeon)
Magical Staves
 h - a staff of fire {!astaff}
   (You found it on level 1 of the Dungeon)
Jewellery
 e - the amulet "Osiqeod" (around neck) {RegenMP rF+ Regen+ SInv}
   (You acquired it on level 5 of the Dungeon)

   [amulet of magic regeneration]

   It increases your rate of magic regeneration.
   rF:        It protects you from fire.
   SInv:      It lets you see invisible.
   Regen:     It increases your rate of health regeneration.
 f - a ring of poison resistance (left hand)
   (You found it on level 1 of the Lair of Beasts)
 v - an amulet of the acrobat
   (You found it on level 7 of the Dungeon)
 D - an amulet of faith {!P}
   (You found it on level 7 of the Dungeon)
 R - an amulet of guardian spirit
   (You found it on level 4 of the Dungeon)
Wands
 u - a wand of iceblast (18)
   (You found it on level 7 of the Dungeon)
 Q - a wand of acid (14)
   (You took it off Duvessa on level 6 of the Dungeon)
 X - a wand of flame (15)
   (You found it on level 7 of the Dungeon)
Scrolls
 m - a scroll of vulnerability {!r!r}
 q - a scroll of poison {!r}
 r - 6 scrolls of teleportation {@r4}
 y - a scroll of magic mapping {!r}
 B - 4 scrolls of fear
 G - 2 scrolls of enchant weapon {unknown}
 I - 4 scrolls of immolation {!r!r}
 M - 2 scrolls of fog
Potions
 d - 3 potions of might
 g - a potion of magic
 i - 3 potions of attraction {!q}
 k - 7 potions of curing {@q1}
 l - 2 potions of brilliance
 t - a potion of mutation {!q}
 E - a potion of haste {@q3}
 F - 2 potions of berserk rage {!q}
 H - 2 potions of lignification {!q}
 T - a potion of resistance
 W - a potion of ambrosia

Dungeon Overview and Level Annotations

Branches:
Dungeon (11/15) Zot: 26444  Temple (1/1) D:5 Zot: 5960    Lair (3/5) D:10 Zot: 15848
 Spider (0/4) Lair:2          Orc (0/2) D:10
  Swamp: Lair:2-3    Shoals: Lair:2-3

Altars:
Cheibriados
Dithmenos
Elyvilon
Fedhas
Gozag
Hepliaklqana
Makhleb
Qazlal
Ru
Sif Muna
Trog
Uskayaw
Zin
The Shining One

Annotations:
D:9 2 transporters, SensoryNuts's ghost, journeyman HOFi
Lair:1 exclusion: upstairs

...##............#.....+...###
....#....##.......#....#...#.#
.#.#.....P##.....P##..###...##
.###+†.#####....†.##..#....##
.##..†..###................##
.##.....#...................#
..#.....#...................#
.#..⌠..........D............#
.#.....#...<....@..........##
.......#...................#
......#####...[............#
.⌠..##..####......#...P....##
...##..P#.#.......###♣♣P....#
..#. #........♣♣..♣ ♣♣♣..## .
#...##..♣♣...~~ ♣..#
+.....##P..♣♣≈~≈~≈ ♣..##
####.P###...♣♣~≈~~ ♣♣..#


You could see a six-headed hydra.


Message History

You hit the yak. You bite the yak, but do no damage. You hit the yak.
Your bite misses the yak. The yak closely misses you.
You barely miss the yak. You bite the yak. You drain its power.
You feel invigorated.
You barely miss the yak. You bite the yak, but do no damage.
You puncture the yak! Your bite misses the yak. The yak closely misses you.
You can now merge with and destroy a victim.
You hit the yak. You bite the yak.
You kill the yak!
No target in view!
A bullfrog comes into view.
Danger!
Found a stone staircase leading up.
The bullfrog croaks.
The bullfrog snags a nearby millipede with its tongue.
You hit the bullfrog. You block the bullfrog's attack.
You puncture the bullfrog! You bite the bullfrog!
You kill the bullfrog!
No target in view!
Your pack is full.
You see here a scroll of identify {@r1}.
As you read the scroll of identify {@r1}, it crumbles to dust.
m - a scroll of vulnerability Unknown command.
You now have 645 gold pieces (gained 13).
Found a stone staircase leading down.
Unknown command.
Found a stone staircase leading up.
Unknown command.
Found a stone staircase leading down.
Unknown command.
There is a stone staircase leading down here.
G - 2 scrolls labelled JIZYEM QUPH (gained 1)
A steam dragon comes into view.
Danger!
The steam dragon breathes steam at you. The ball of steam hits you. You resist.
You puncture the steam dragon! Your bite misses the steam dragon.
You puncture the steam dragon!
You can now pass through a line of other dancers.
You closely miss the steam dragon. The steam dragon bites you.
You block the steam dragon's attack.
You hit the steam dragon but do no damage.
Your bite misses the steam dragon. You closely miss the steam dragon.
You bite the steam dragon, but do no damage.
You hit the steam dragon. You bite the steam dragon. You drain its power.
You feel invigorated. The steam dragon closely misses you. x2
You hit the steam dragon.
You kill the steam dragon!
The steam dragon scales are intact enough to wear.
No target in view!
No target in view!
Your pack is full.
Things that are here:
+0 steam dragon scales; a steam dragon corpse Your pack is full.
Things that are here:
+0 steam dragon scales; a steam dragon corpse Could not pick up +0 steam dragon scales here; ([A]lways) ignore it?
Autopickup disabled for steam dragon scales.
F - 2 potions of berserk rage {!q} (gained 1)
k - 7 potions of curing {@q1} (gained 1)
You now have 661 gold pieces (gained 16).
As you open the door, it creaks loudly!
You hear an angry hiss. x2
You hear a roar!
Unknown command.
A six-headed hydra comes into view.
Danger!
The six-headed hydra roars!
The six-headed hydra bites you! The six-headed hydra bites you.
The six-headed hydra closely misses you.
The six-headed hydra bites you! x2; The six-headed hydra barely misses you.
You are too injured to fight recklessly!
You are too injured to fight recklessly!
Unknown command.
You hit the six-headed hydra. Your bite misses the six-headed hydra.
You block the six-headed hydra's attack.
The six-headed hydra bites you. x2
* * * LOW HITPOINT WARNING * * *
The six-headed hydra completely misses you.
The six-headed hydra closely misses you.
The six-headed hydra bites you!
* * * LOW HITPOINT WARNING * * *
You hit the six-headed hydra. You bite the six-headed hydra!
You drain its power.
You feel invigorated.
Unknown command.
You puncture the six-headed hydra! You bite the six-headed hydra.
You drain its power.
You feel invigorated.
You can now pass through a line of other dancers.
You barely miss the six-headed hydra. The six-headed hydra barely misses you.
The six-headed hydra bites you!
* * * LOW HITPOINT WARNING * * *
The six-headed hydra bites you.
* * * LOW HITPOINT WARNING * * *
You block the six-headed hydra's attack.
The six-headed hydra bites you!
* * * LOW HITPOINT WARNING * * *
The six-headed hydra bites you!
You die...

Skill      XL: |  1  2  3  4  5  6  7  8  9 10 11 12 |
---------------+-------------------------------------+-----
Short Blades   | 2 3 4 5 6 8 10 12 | 12.0
Invocations    | 3 7 10 13 | 13.5
Fighting       | 3 5 7 8 |  8.0
Shields        | 3 5 |  5.0
Armour         | |  2.4

Action                   |  1- 3 |  4- 6 |  7- 9 | 10-12 || total
-------------------------+-------+-------+-------+-------++-------
Melee: Rapier            |    79 |    99 |    96 |       ||   274
       Bite              |    26 |    28 |    87 |   263 ||   404
       Falchion          |       |    14 |   145 |       ||   159
       Quick blade       |       |       |    44 |   694 ||   738
 Fire: Sling             |    32 |    41 |    64 |    73 ||   210
  Use: Scroll            |       |       |    22 |     8 ||    30
       Potion            |       |       |       |     2 ||     2
 Stab: Paralysed         |       |       |    12 |    45 ||    57
       Invisible         |       |       |       |     3 ||     3
Armor: Scale mail        |    27 |    49 |    70 |    44 ||   190
       Troll leather arm |       |       |       |    36 ||    36
Dodge: Dodged            |    39 |    53 |    74 |   151 ||   317
Block: Buckler           |    19 |    30 |    49 |    97 ||   195

Levels and vault maps discovered:
D:1:      psy_arrival_conway, layout_loops_ring
D:2:      layout_basic, st_stairs_12, uniq_terence
D:3:      layout_rooms, nicolae_ecumenical_snake_handling,
          grunt_decor_resistance, hangedman_decor_lopped, uniq_natasha
D:4:      cheibrodos_old_hovel, layout_basic
D:5:      layout_rooms, minmay_temple_entry_water_ring
D:6:      layout_loops_ring, elyvilon_altar_3, uniq_prince_ribbit1, uniq_duvessa
D:7:      layout_gridville, enter_bailey_5, enter_ossuary_4
D:8:      layout_rooms, cheibriados_altar_1, kennysheep_mini_moat,
          minmay_misc_feat_encased
D:9:      layout_basic, nzn_ghost_randoct
D:10:     layout_long_grid, dpeg_oklobed_lair, david_orc_1_choice
D:11:     layout_gridville, hangedman_decor_push, billiards_dpeg, uniq_erica
Temple:   nicolae_temple_bog_church
Lair:1:   layout_chaotic_city, uniq_amaemon
Lair:2:   layout_gridlike, hellmonk_spider_entry_not_the_bees
Lair:3:   layout_regular_city, palyth_hydra_swamp_entry, grunt_megastairs_3,
          serial_bayou_shore_a

Notes
Turn   | Place    | Note
-------+----------+-------------------------------------------
     0 | D:1      | Sobieck the Vine Stalker Fighter began the quest for the
                  | Orb.
     0 | D:1      | Reached XP level 1. HP: 11/11 MP: 2/2
    69 | D:1      | Reached skill level 2 in Short Blades
   413 | D:1      | Reached XP level 2. HP: 15/16 MP: 3/3
   432 | D:1      | You pick up a book of Necromancy and begin reading...
   432 | D:1      | You add the spells Necrotise, Vampiric Draining and Agony
                  | to your library.
   855 | D:1      | Reached skill level 3 in Short Blades
  1153 | D:2      | Reached XP level 3. HP: 19/19 MP: 4/4
  1610 | D:2      | Noticed Terence
  1620 | D:2      | Killed Terence
  1621 | D:2      | Gained mutation: Your natural rate of healing is unusually
                  | fast. [Vine Stalker growth]
  1621 | D:2      | Reached XP level 4. HP: 22/23 MP: 3/5
  1676 | D:2      | Reached skill level 4 in Short Blades
  1857 | D:3      | Reached XP level 5. HP: 27/27 MP: 6/6
  1876 | D:3      | Found a faded altar of an unknown god.
  2202 | D:3      | Reached skill level 5 in Short Blades
  2216 | D:3      | You add the spells Ozocubu's Armour and Ozocubu's
                  | Refrigeration to your library.
  2427 | D:3      | Noticed Natasha
  2433 | D:3      | Killed Natasha
  2434 | D:3      | Reached XP level 6. HP: 32/32 MP: 5/7
  2563 | D:3      | You pick up a book of Debilitation and begin reading...
  2563 | D:3      | You add the spells Slow and Confusing Touch to your
                  | library.
  2943 | D:4      | You fall into a shaft and drop 3 floors!
  2947 | D:7      | Identified the +3 falchion "Vacakkah" {speed, rPois rF+
                  | Will+ Dex+2}
  2969 | D:5      | Entered Level 5 of the Dungeon
  2990 | D:5      | You pick up a book of Changes and begin reading...
  2990 | D:5      | You add the spells Beastly Appendage, Wereblood and Spider
                  | Form to your library.
  2994 | D:5      | Noticed a black bear
  3006 | D:5      | Killed a black bear
  3007 | D:5      | Reached skill level 6 in Short Blades
  3056 | D:5      | Found a staircase to the Ecumenical Temple.
  3074 | Temple   | Entered the Ecumenical Temple
  3090 | Temple   | Became a worshipper of Uskayaw the Reveller
  3113 | Temple   | Reached * piety under Uskayaw
  3114 | Temple   | Reached XP level 7. HP: 35/35 MP: 8/8
  3116 | Temple   | Reached ** piety under Uskayaw
  3121 | D:5      | Reached *** piety under Uskayaw
  3130 | D:5      | Reached **** piety under Uskayaw
  3802 | D:5      | Reached skill level 7 in Short Blades
  4189 | D:6      | Noticed Duvessa
  4189 | D:6      | Noticed Dowan
  4253 | D:6      | Reached skill level 8 in Short Blades
  4253 | D:6      | Gained mutation: You have razor-sharp teeth. [Vine Stalker
                  | growth]
  4253 | D:6      | Reached XP level 8. HP: 16/39 MP: 4/9
  4309 | D:5      | Identified a scroll of acquirement
  4309 | D:5      | Acquired the amulet "Osiqeod" {RegenMP rF+ Regen+ SInv}
  4430 | D:6      | You pick up a book of Party Tricks and begin reading...
  4430 | D:6      | You add the spells Apportation and Alistair's Intoxication
                  | to your library.
  4515 | D:6      | Reached skill level 9 in Short Blades
  4569 | D:6      | Found a white marble altar of Elyvilon.
  4601 | D:6      | Noticed Prince Ribbit
  4632 | D:6      | Killed Prince Ribbit
  4818 | D:6      | Killed Duvessa
  4829 | D:6      | Killed Dowan
  4830 | D:6      | Reached skill level 10 in Short Blades
  4856 | D:6      | You pick up a book of Rime and begin reading...
  4856 | D:6      | You add the spells Frozen Ramparts, Ice Form and Summon Ice
                  | Beast to your library.
  5104 | D:7      | HP: 7/39 [ogre/+0 giant spiked club (18)]
  5107 | D:7      | Reached XP level 9. HP: 10/43 MP: 10/10
  5160 | D:7      | Noticed a hornet
  5167 | D:7      | Paralysed by a hornet for 1 turns
  5173 | D:7      | Killed a hornet
  5240 | D:7      | Reached skill level 11 in Short Blades
  5250 | D:7      | Reached ***** piety under Uskayaw
  5262 | D:7      | Reached ****** piety under Uskayaw
  5267 | D:7      | Reached skill level 12 in Short Blades
  5526 | D:7      | Reached skill level 1 in Invocations
  5688 | D:7      | Acquired a +7 quick blade
  5693 | D:7      | a +0 chain mail; a +7 quick blade {shortrare=g}
  5694 | D:7      | a - a +7 quick blade {shortrare=g}
  5709 | D:7      | a - a +7 quick blade (weapon) {shortrare=g}
  5756 | D:7      | a - a +7 quick blade (weapon) {shortrare=g}
  5802 | D:8      | a - a +7 quick blade (weapon) {shortrare=g}
  5812 | D:8      | a - a +7 quick blade (weapon) {shortrare=g}
  5817 | D:8      | Reached skill level 3 in Fighting
  5817 | D:8      | Reached skill level 3 in Shields
  5825 | D:8      | Noticed a four-headed hydra
  5829 | D:8      | Reached skill level 2 in Invocations
  5862 | D:8      | Killed a four-headed hydra
  5863 | D:8      | Reached skill level 3 in Invocations
  5863 | D:8      | Reached XP level 10. HP: 31/49 MP: 10/13
  5905 | D:8      | Found an opulent altar of Gozag.
  5967 | D:8      | Noticed a white ugly thing
  5972 | D:8      | a - a +7 quick blade (weapon) {shortrare=g}
  5976 | D:8      | Killed a white ugly thing
  5977 | D:8      | Reached skill level 4 in Fighting
  5977 | D:8      | Reached skill level 4 in Shields
  5977 | D:8      | Reached skill level 4 in Invocations
  6015 | D:8      | You pick up a book of Frost and begin reading...
  6015 | D:8      | You add the spells Freeze and Hailstorm to your library.
  6020 | D:8      | Found a snail-covered altar of Cheibriados.
  6081 | D:8      | a - a +7 quick blade (weapon) {shortrare=g}
  6088 | D:8      | a - a +7 quick blade (weapon) {shortrare=g}
  6131 | D:8      | a - a +7 quick blade (weapon) {shortrare=g}
  6146 | D:8      | a - a +7 quick blade (weapon) {shortrare=g}
  6160 | D:8      | You pick up a book of Cantrips and begin reading...
  6187 | D:8      | a - a +7 quick blade (weapon) {shortrare=g}
  6200 | D:8      | a - a +7 quick blade (weapon) {shortrare=g}
  6233 | D:8      | a - a +7 quick blade (weapon) {shortrare=g}
  6249 | D:8      | Reached skill level 5 in Invocations
  6340 | D:9      | a - a +7 quick blade (weapon) {shortrare=g}
  6345 | D:9      | a - a +7 quick blade (weapon) {shortrare=g}
  6352 | D:9      | Noticed a kobold demonologist
  6359 | D:9      | Killed a kobold demonologist
  6483 | D:9      | Noticed SensoryNuts's ghost (journeyman HOFi)
  6484 | D:9      | Noticed a two-headed ogre
  6487 | D:9      | Found a transporter.
  6492 | D:9      | Found a transporter.
  6515 | D:9      | Noticed a centaur warrior
  6576 | D:9      | Reached skill level 6 in Invocations
  6614 | D:9      | a - a +7 quick blade (weapon) {shortrare=g}
  6623 | D:9      | a - a +7 quick blade (weapon) {shortrare=g}
  6651 | D:9      | a - a +7 quick blade (weapon) {shortrare=g}
  6656 | D:9      | a - a +7 quick blade (weapon) {shortrare=g}
  6673 | D:9      | Reached skill level 5 in Fighting
  6913 | D:9      | a - a +7 quick blade (weapon) {shortrare=g}
  6919 | D:9      | Reached skill level 5 in Shields
  7290 | D:10     | Entered Level 10 of the Dungeon
  7291 | D:10     | a - a +7 quick blade (weapon) {shortrare=g}
  7352 | D:10     | a - a +7 quick blade (weapon) {shortrare=g}
  7363 | D:10     | Reached skill level 7 in Invocations
  7403 | D:10     | You pick up a book of Minor Magic and begin reading...
  7403 | D:10     | You add the spells Magic Dart, Call Imp and Mephitic Cloud
                  | to your library.
  7484 | D:10     | Noticed an oklob plant
  7514 | D:10     | Reached XP level 11. HP: 28/56 MP: 12/17
  7542 | D:10     | a - a +7 quick blade (weapon) {shortrare=g}
  7558 | D:10     | HP: 14/56 [poisoned by a killer bee]
  7560 | D:10     | HP: 4/56 [poisoned by a killer bee]
  7563 | D:10     | HP: 1/56 [poisoned by a killer bee]
  7569 | D:10     | HP: 1/56 [poisoned by a killer bee]
  7574 | D:10     | HP: 4/56 [poisoned by a killer bee]
  7658 | D:10     | a - a +7 quick blade (weapon) {shortrare=g}
  7682 | D:10     | a - a +7 quick blade (weapon) {shortrare=g}
  7692 | D:10     | a - a +7 quick blade (weapon) {shortrare=g}
  7887 | D:10     | Found a staircase to the Lair.
  7900 | D:10     | a - a +7 quick blade (weapon) {shortrare=g}
  7967 | D:10     | a - a +7 quick blade (weapon) {shortrare=g}
  7981 | D:10     | Reached skill level 8 in Invocations
  8001 | D:10     | a - a +7 quick blade (weapon) {shortrare=g}
  8013 | D:10     | a - a +7 quick blade (weapon) {shortrare=g}
  8032 | D:10     | a - a +7 quick blade (weapon) {shortrare=g}
  8049 | D:10     | You pick up a book of Blood and begin reading...
  8049 | D:10     | You add the spells Sublimation of Blood and Summon Hydra to
                  | your library.
  8051 | D:10     | Found a staircase to the Orcish Mines.
  8485 | D:10     | Killed an oklob plant
  8486 | D:10     | Reached skill level 6 in Fighting
  8612 | D:11     | Noticed a manticore
  8730 | D:11     | a - a +7 quick blade (weapon) {shortrare=g}
  8734 | D:11     | Killed a manticore
  8835 | D:11     | Noticed a skeletal warrior
  8896 | Lair:1   | Entered Level 1 of the Lair of Beasts
  8897 | Lair:1   | a - a +7 quick blade (weapon) {shortrare=g}
  8910 | Lair:1   | Noticed Amaemon
  8911 | Lair:1   | Noticed a death yak
  8933 | Lair:1   | Noticed a death yak
  8933 | Lair:1   | Noticed a death yak
  8949 | D:10     | Killed a death yak
  8950 | D:10     | Reached skill level 9 in Invocations
  8954 | D:10     | HP: 12/58 [yak (6)]
  9047 | D:10     | Killed a death yak
  9079 | D:10     | Killed Amaemon
  9131 | D:10     | HP: 12/58 [skeletal warrior/+0 scimitar (14)]
  9164 | Lair:1   | Noticed a death yak
  9166 | Lair:1   | Noticed a death yak
  9199 | Lair:1   | Killed a death yak
  9200 | Lair:1   | Reached skill level 7 in Fighting
  9203 | Lair:1   | Killed a death yak
  9204 | Lair:1   | Reached skill level 10 in Invocations
  9383 | Lair:1   | Reached XP level 12. HP: 61/63 MP: 19/21
  9446 | Lair:1   | You pick up a book of the Senses and begin reading...
  9446 | Lair:1   | You add the spells Dazzling Flash and Silence to your
                  | library.
  9501 | Lair:1   | Reached skill level 11 in Invocations
  9610 | Lair:1   | Reached skill level 8 in Fighting
 10072 | Lair:2   | Noticed a five-headed hydra
 10084 | Lair:2   | Killed a five-headed hydra
 10085 | Lair:2   | Reached skill level 12 in Invocations
 10096 | Lair:2   | You pick up a book of Winter and begin reading...
 10096 | Lair:2   | You add the spells Metabolic Englaciation and Simulacrum to
                  | your library.
 10430 | Lair:2   | You add the spells Sting, Poisonous Vapours and Olgreb's
                  | Toxic Radiance to your library.
 10752 | Lair:2   | Found a hole to the Spider Nest.
 10785 | Lair:2   | Reached skill level 13 in Invocations
 11476 | Lair:3   | Noticed a six-headed hydra
 11483 | Lair:3   | HP: 16/64 [six-headed hydra (8)]
 11483 | Lair:3   | HP: 7/64 [six-headed hydra (8)]
 11483 | Lair:3   | Slain by a six-headed hydra

Vanquished Creatures
  2 hydras
  4 death yaks
  Amaemon (D:10)
  An oklob plant (D:10)
  An ugly thing (D:8)
  A manticore (D:11)
  An orange demon (Lair:1)
  3 komodo dragons
  2 cane toads
  A kobold demonologist (D:9)
  A meliai (Lair:2)
  2 hornets
  A troll (D:10)
  Prince Ribbit (D:6)
  5 blink frogs (Lair:2)
  A vampire (D:9)
  4 wyverns
  35 yaks
  2 basilisks
  A steam dragon (Lair:3)
  A warg (D:10)
  4 water moccasins
  Duvessa (D:6)
  9 orc warriors
  A sky beast (D:6)
  2 ice beasts
  3 ogres
  2 black bears
  3 centaurs
  A kobold brigand (D:6)
  5 bullfrogs
  A necrophage (D:6)
  3 scorpions
  A gnoll sergeant (D:9)
  22 killer bees
  Dowan (D:6)
  3 electric eels
  3 howler monkeys
  A jelly (D:7)
  4 orc priests
  3 hounds
  Terence (D:2)
  2 iguanas
  Natasha (D:3)
  7 orc wizards
  12 gnolls
  6 adders
  2 shadow imps
  2 white imps
  An ufetubus (D:7)
  3 worms
  4 dart slugs
  45 orcs
  6 endoplasms
  5 giant cockroaches
  10 goblins
  4 hobgoblins
  10 kobolds
  2 quokkas
  5 ball pythons
  4 bats
  2 frilled lizards
  A goblin zombie (D:7)
  3 rats
  A rat zombie (D:7)
283 creatures vanquished.

Vanquished Creatures (others)
  2 fungi
  18 plants
20 creatures vanquished.

Grand Total: 303 creatures vanquished

Table legend:
 A = Non-vault XP
 B = Vault XP
 C = Vault XP percentage of total XP
 D = Non-vault monster count
 E = Vault monster count
 F = Vault count percentage of total count
                 A         B        C        D         E       F
            +---------+---------+-------+---------+---------+-------
      Total |   24503 |    4467 |  15.4 |     244 |      39 |  13.8
            +---------+---------+-------+---------+---------+-------
        D:1 |      33 |       0 |   0.0 |      18 |       0 |   0.0
        D:2 |      80 |      40 |  33.3 |      14 |       2 |  12.5
        D:3 |     112 |      54 |  32.5 |      15 |       5 |  25.0
        D:4 |      55 |       1 |   1.8 |       9 |       1 |  10.0
        D:5 |     478 |       0 |   0.0 |      14 |       0 |   0.0
        D:6 |     934 |     458 |  32.9 |      19 |       3 |  13.6
        D:7 |    1970 |      10 |   0.5 |      24 |       6 |  20.0
        D:8 |    2217 |       0 |   0.0 |      28 |       0 |   0.0
        D:9 |    2062 |       0 |   0.0 |      29 |       0 |   0.0
       D:10 |    3735 |    2086 |  35.8 |      21 |      11 |  34.4
       D:11 |     778 |       0 |   0.0 |       2 |       0 |   0.0
     Temple |      28 |       0 |   0.0 |       2 |       0 |   0.0
     Lair:1 |    6781 |     416 |   5.8 |      26 |       1 |   3.7
     Lair:2 |    4875 |     561 |  10.3 |      19 |       5 |  20.8
     Lair:3 |     365 |     841 |  69.7 |       4 |       5 |  55.6
            +---------+---------+-------+---------+---------+-------

Illustrated notes

Table legend:
 A = Kills in this place as a percentage of kills in entire the game.
 B = Kills by you in this place as a percentage of kills by you in the entire game.
 C = Kills by friends in this place as a percentage of kills by friends in the entire game.
 D = Other kills in this place as a percentage of other kills in the entire game.
 E = Experience gained in this place as a percentage of experience gained in the entire game.
 F = Experience gained in this place divided by the number of levels of this place that you have seen.
                   A       B       C       D       E      F
               +-------+-------+-------+-------+-------+----------------------
         Total | 100.0 | 100.0 |   N/A |   N/A | 100.0 | 1931.3
       Dungeon |  78.1 |  78.1 |   N/A |   N/A |  52.1 | 1373.0
        Temple |   0.7 |   0.7 |   N/A |   N/A |   0.1 |  28.0
          Lair |  21.2 |  21.2 |   N/A |   N/A |  47.8 | 4613.0
               +-------+-------+-------+-------+-------+----------------------

Table legend: (Time is in decaauts)
 A = Elapsed time spent in this place.
 B = Non-inter-level travel time spent in this place.
 C = Inter-level travel time spent in this place.
 D = Time resting spent in this place.
 E = Time spent auto-exploring this place.
 F = Levels seen in this place.
 G = Mean time per level.
                   A        B        C        D        E       F      G
               +--------+--------+--------+--------+--------+-----+--------+
         Total |  10986 |  10690 |    296 |    479 |   8012 |  15 |  732.4 |
       Dungeon |   8795 |   8541 |    254 |    390 |   6360 |  11 |  799.5 |
        Temple |     39 |     27 |     12 |      0 |      0 |   1 |   39.0 |
          Lair |   2151 |   2121 |     30 |     89 |   1651 |   3 |  717.0 |
               +--------+--------+--------+--------+--------+-----+--------+

Top non-repeatable levels by time:
    D:10: 1287 daAuts
     D:1: 1163 daAuts
  Lair:2: 978 daAuts
     D:4: 964 daAuts
     D:9: 916 daAuts
  Lair:1: 830 daAuts
     D:6: 762 daAuts
     D:7: 760 daAuts
     D:3: 725 daAuts
     D:2: 700 daAuts
     D:5: 646 daAuts
     D:8: 488 daAuts
    D:11: 377 daAuts
  Lair:3: 342 daAuts
  Temple: 39 daAuts
